 Dungeon Crawl Stone Soup version 0.28.0-53-g5a82cb258f (webtiles) character file.

Game seed: 15028660926785795142

294 styxcanada the Covert (level 6, -4/32 HPs)
             Began as a Spriggan Brigand on Aug 6, 2022.
             Splashed by a jelly's acid (9 damage)
             ... in a sewer.
             The game lasted 00:14:02 (3058 turns).

styxcanada the Covert (Spriggan Brigand)            Turns: 3058, Time: 00:14:04

Health: -4/32      AC:  3    Str: 13    XL:     6   Next: 11%
Magic:  7/7        EV: 18    Int: 12    God:
Gold:   167        SH:  0    Dex: 23    Spells: 5/5 levels left

rFire   . . .      SeeInvis +   p - +6 mace of Instinct {drain, Drain rC+ Dex+4}
rCold   + . .      Faith    .   (no shield)
rNeg    . . .      Spirit   .   b - +0 robe
rPois   .          Reflect  .   (helmet restricted)
rElec   .          Harm     .   c - +0 cloak
rCorr   .          Rampage  .   (gloves unavailable)
Will    +....                   (boots unavailable)
Stlth   ++++......              (no amulet)
HPRegen 0.10/turn               i - +6 ring of strength
MPRegen 0.10/turn               (no ring)

@: very quick
A: very small, no large weapons, unfitting armour, see invisible, speed 3
a: no special abilities


You were in a sewer.
You visited 1 branch of the dungeon, and saw 4 of its levels.
You also visited: Sewer.

You collected 189 gold pieces.
You spent 22 gold pieces at shops.

Inventory:

Hand Weapons
 a - a +2 dagger
 g - a +2 hunting sling of freezing
 p - the +6 mace of Instinct (weapon) {drain, Drain rC+ Dex+4}
   (You found it on level 3 of the Dungeon)

   A truly terrible weapon, it drains the life of any living foe it strikes.
   Dex:       It affects your dexterity (+4).
   rC:        It protects you from cold.
   Drain:     It drains your maximum health when unequipped.
Missiles
 d - 10 poisoned darts (quivered)
 e - 2 curare-tipped darts
 f - 90 stones
Armour
 b - a +0 robe (worn)
 c - a +0 cloak (worn)
Jewellery
 i - a +6 ring of strength (left hand)
Scrolls
 h - 5 scrolls of noise {unknown}
 j - a scroll of silence {unknown}
 l - a scroll of blinking {unknown}
 o - a scroll of vulnerability {unknown}
 q - 3 scrolls of amnesia {unknown}
 r - a scroll of teleportation {unknown}
 v - a scroll of identify
Potions
 k - 3 potions of might {unknown}
 m - a potion of haste
 n - a potion of curing
 s - 3 potions of flight
 t - a potion of mutation
 u - a potion of magic {unknown}
 w - a potion of invisibility {unknown}


   Skills:
 * Level 2.7 Fighting
 + Level 3.2 Short Blades
 + Level 0.2(2.0) Slings
 + Level 2.7 Throwing
 * Level 2.9 Dodging
 * Level 8.7 Stealth


You had 5 spell levels left.
You didn't know any spells.
Your spell library contained the following spells:

 Spells                   Type           Power      Damage    Failure   Level
 Corpse Rot               Necr/Air       0%         N/A       45%         2
 Poisonous Vapours        Pois/Air       0%         N/A       45%         2


Dungeon Overview and Level Annotations

Branches:
Dungeon (4/15)              Sewer (1/1)
 Temple: D:4-7

Altars:

Shops:
D:1 ?


Innate Abilities, Weirdness & Mutations

You are very small and have problems with some larger weapons.
You are too small for most types of armour.
You have supernaturally acute eyesight. (SInv)
You cover ground extremely quickly. (Speed+++)


Message History

You feel sick. The adder closely misses you.
You feel sick.
You enter the shallow water.
Moving in this stuff is going to be slow.
You feel sick. The adder bites you.
You are more poisoned.
The adder poisons you! The jelly hits you.
You are splashed with acid.
You feel sick. The adder closely misses you.
You feel sick.
You feel sick. The jelly hits you but does no damage.
You feel sick.
You feel sick.
You feel sick.
Okay, then.
Really wield
p - the +6 mace of Instinct {drain, Drain rC+ Dex+4}? [Y]es or [N]o only, please.
Really wield
p - the +6 mace of Instinct {drain, Drain rC+ Dex+4}? [Y]es or [N]o only, please.
Really wield
p - the +6 mace of Instinct {drain, Drain rC+ Dex+4}?
Okay, then.
Unknown command.
Okay, then.
Really wield
p - the +6 mace of Instinct {drain, Drain rC+ Dex+4}?
You feel agile.
You sense an unholy aura.
p - the +6 mace of Instinct (weapon)
{drain, Drain rC+ Dex+4} You feel sick.
You don't know any spells.
You feel sick.
You sock the adder!
The adder is almost dead.
You feel sick. The adder closely misses you. x2
You thump the adder!
You kill the adder!
You feel sick.
You are no longer poisoned.
The jelly hits you.
* * * LOW HITPOINT WARNING * * *
You are splashed with acid!
You die...

############ ####
...≈..≈.†..#### ##..##
..≈≈≈.≈.†..≈≈≈##!.#.≈≈.##
.#########.†..≈#S..≈≈.≈.# ##
###≈≈≈##≈..##≈≈#
##.≈≈##.##...# #..≈≈###...##
##≈.@...≈.## #########
####..J≈.≈### ..≈.....#
##≈.##≈≈.≈...###
....≈...###≈..##.≈......≈##
######..##≈≈≈##≈≈.#≈≈≈..≈≈##
#..##..##.≈≈##.≈.##.≈≈#
#.≈##≈..≈..##≈≈..≈##.≈##
######.≈###≈..≈.#...#..##...##
..≈.≈..≈# ####≈≈##.##≈≈##≈≈..#


You could see a jelly.

Vanquished Creatures
  An ogre (D:4)
  A howler monkey (D:4)
  A jelly (Sewer)
  A hound (D:4)
  A hound skeleton (D:4)
  4 adders
  2 adder skeletons (D:4)
  2 worms
  3 bats (D:2)
  11 endoplasms
  5 giant cockroaches
  5 goblins
  5 hobgoblins
  3 quokkas
  11 ball pythons
  4 frilled lizards
  4 kobolds
  7 rats
71 creatures vanquished.

Notes
Turn   | Place    | Note
-------+----------+-------------------------------------------
     0 | D:1      | styxcanada the Spriggan Brigand began the quest for the
                  | Orb.
     0 | D:1      | Reached XP level 1. HP: 10/10 MP: 2/2
    58 | D:1      | Reached skill level 6 in Stealth
   123 | D:1      | Found Texuokif's Magic Scroll Shoppe.
   386 | D:1      | Found a faded altar of an unknown god.
   425 | D:1      | Reached XP level 2. HP: 15/15 MP: 3/3
   783 | D:1      | Bought a scroll of identify for 22 gold pieces
  1269 | D:2      | Reached XP level 3. HP: 18/18 MP: 4/4
  1284 | D:2      | Reached skill level 7 in Stealth
  1700 | D:3      | Identified the +6 mace of Instinct {drain, Drain rC+ Dex+4}
  2148 | D:4      | Noticed an ogre
  2186 | D:4      | Killed an ogre
  2187 | D:4      | Reached XP level 4. HP: 23/23 MP: 5/5
  2249 | D:4      | Reached skill level 8 in Stealth
  2249 | D:4      | Reached XP level 5. HP: 24/26 MP: 6/6
  2740 | D:4      | Found a glowing drain.
  2750 | Sewer    | Entered a sewer
  2951 | Sewer    | Reached XP level 6. HP: 32/32 MP: 7/7
  2969 | Sewer    | Found a viscous altar of Jiyva.
  3058 | Sewer    | Splashed by a jelly's acid

Illustrated notes

Levels and vault maps discovered:
D:1:      nzn_arrival_water_spiral, layout_loops_ring, serial_shops,
          nicolae_shop_statue_plus, nicolae_ecumenical_snake_handling
D:2:      layout_basic
D:3:      layout_rooms
D:4:      layout_rooms, cheibrodos_sewer_entry_bend
Sewer:    sewer_hellmonk_slimy_pipes

Skill      XL: |  1  2  3  4  5 |
---------------+----------------+-----
Stealth        | 6 7 8 |  8.7
Dodging        | 2 |  2.9
Fighting       | 2 |  2.7
Short Blades   | 3 |  3.2
Slings         | |  0.2
Throwing       | |  2.7

Action                   |  1- 3 |  4- 6 || total
-------------------------+-------+-------++-------
Melee: Dagger            |    88 |    91 ||   179
       Punch             |     3 |     4 ||     7
       Mace              |       |     2 ||     2
 Fire: Hunting sling     |     2 |     4 ||     6
Throw: Dart              |    14 |    12 ||    26
  Use: Scroll            |     6 |       ||     6
       Potion            |       |     1 ||     1
 Stab: Sleeping          |    10 |     8 ||    18
       Distracted        |     1 |       ||     1
Armor: Robe              |     5 |     8 ||    13
Dodge: Dodged            |    55 |    76 ||   131
